 Dungeon Crawl Stone Soup version 0.21-a0-536-gdbbf329 (webtiles) character file.

73 slep the Chopper (level 4, 0/33 HPs)
             Began as a Demonspawn Gladiator on Dec 15, 2017.
             Slain by Edmund
             ... wielding a +1 flail of crushing
              (4 damage)
             ... on level 4 of the Dungeon.
             The game lasted 00:05:45 (1822 turns).

slep the Chopper (Demonspawn Gladiator)             Turns: 1822, Time: 00:05:46

Health: 0/33       AC:  4    Str: 14    XL:     4   Next: 8%
Magic:  4/4        EV: 14    Int: 10    God:
Gold:   107        SH:  0    Dex: 15    Spells: 3/3 levels left

rFire    . . .     SeeInvis .   a - +0 war axe
rCold    + . .     Gourm    .   (no shield)
rNeg     . . .     Faith    +   u - +2 robe {rC+}
rPois    .         Spirit   .   (helmet restricted)
rElec    .         Reflect  .   (no cloak)
rCorr    .         Harm     .   (no gloves)
MR       .....                  (no boots)
Stlth    +.........             k - amulet of faith
HPRegen  0.11/turn              (no ring)
MPRegen  0.09/turn              (no ring)

@: no status effects
A: antennae 1
a: no special abilities


You were on level 4 of the Dungeon.
You were not hungry.

You visited 1 branch of the dungeon, and saw 4 of its levels.

You collected 107 gold pieces.

Inventory:

Hand Weapons
 a - a +0 war axe (weapon)
 o - a +0 blowgun
Missiles
 d - 3 throwing nets (quivered)
 p - 15 poisoned needles
Armour
 b - a +0 leather armour
 c - a +0 helmet
 j - a +0 ring mail
 u - a +2 robe of cold resistance (worn)
Jewellery
 k - an amulet of faith (around neck)
Scrolls
 e - a scroll of immolation {unknown}
 l - 5 scrolls of identify {unknown}
 n - a scroll of amnesia {unknown}
 s - a scroll of magic mapping {unknown}
Potions
 g - a potion of heal wounds {unknown}
 h - a potion of curing {unknown}
 i - a potion of degeneration {unknown}
 m - a potion of ambrosia {unknown}
 q - a potion of agility {unknown}
 r - 2 potions of lignification {unknown}
 t - a potion of cancellation {unknown}
Comestibles
 f - 3 bread rations


   Skills:
 + Level 2.2 Fighting
 + Level 3.7 Axes
 + Level 1.8 Throwing
 + Level 0.5 Armour
 + Level 3.4 Dodging
 + Level 0.1 Stealth


You had 3 spell levels left.
You didn't know any spells.

Dungeon Overview and Level Annotations

Branches:
Dungeon (4/15)
 Temple: D:4-7

Altars:
Fedhas

Annotations:
D:3 Grinder
D:4 Edmund


Innate Abilities, Weirdness & Mutations

You have a pair of small antennae on your head.


Message History

Things that are here:
a hand axe; a leather armour
Things that are here:
a falchion; a ring mail; an orc corpse You butcher the orc corpse.
Things that are here:
a falchion; a ring mail; 3 chunks of flesh Eat one of 3 chunks of flesh? (ye/n/q)
You eat one of the 3 chunks of flesh.
This raw flesh tastes terrible.
You are feeling hungry.
Edmund misses you.
Things that are here:
a hand axe; a leather armour
Things that are here:
a falchion; a ring mail; 2 chunks of flesh Eat one of 2 chunks of flesh? (ye/n/q)
You eat one of the 2 chunks of flesh.
This raw flesh tastes terrible.
Edmund hits you with a flail of crushing!
* * * LOW HITPOINT WARNING * * *
You die...

........###..####.........#
..........................##
...............)...........##
...........o#####...........##
...........## #..#.........#
..........## #.##......##..
#..........## ##.###.#...#
#.......#..o## #..###<##..##
#..###..###..###@..##..#...#...
. #...# ##..#@...............#
#...# ##....###...........#
..... ##.................#
.###.. #....##...###.....# .#
#.. #.....###..# ..#...#
#.....# #.## ..#....
.......##.# ..# .. ...........#


You could see Edmund.

Vanquished Creatures
  Jessica (D:3)
  2 oozes (D:1)
  A dart slug (D:1)
  A leopard gecko (D:1)
  3 orcs (D:4)
  4 bats
  2 giant cockroaches
  3 goblins
  4 hobgoblins
  2 frilled lizards
  5 kobolds
  3 rats (D:1)
31 creatures vanquished.

Notes
Turn   | Place    | Note
-------+----------+-------------------------------------------
     0 | D:1      | slep the Demonspawn Gladiator began the quest for the Orb.
     0 | D:1      | Reached XP level 1. HP: 16/16 MP: 1/1
   244 | D:1      | Gained mutation: You have a pair of small antennae on your head. [demonic ancestry]
   244 | D:1      | Reached XP level 2. HP: 21/22 MP: 2/2
   819 | D:1      | Reached XP level 3. HP: 27/27 MP: 3/3
  1108 | D:3      | Noticed Grinder
  1161 | D:2      | Found a blossoming altar of Fedhas.
  1631 | D:3      | Noticed Jessica
  1636 | D:3      | Killed Jessica
  1725 | D:4      | Reached XP level 4. HP: 21/33 MP: 4/4
  1741 | D:4      | Noticed Edmund
  1822 | D:4      | Slain by Edmund

Vault maps used:
D:1:      erik_arrival_cave_to_civilisation
D:2:      fedhas_altar_3
D:3:      uniq_grinder, uniq_jessica, uniq_sigmund, uniq_ijyb
D:4:      first_bread, uniq_edmund

Skill      XL: |  1  2 |
---------------+-------+-----
Dodging        | 3 |  3.4
Axes           | 3 |  3.7
Fighting       | |  2.2
Throwing       | |  1.8
Armour         | |  0.5
Stealth        | |  0.1

Action                   |  1- 3 |  4- 6 || total
-------------------------+-------+-------++-------
Melee: War axe           |    86 |     8 ||    94
  Eat: Chunk             |     1 |     2 ||     3
Armor: Leather armour    |    23 |       ||    23
       Robe              |       |     1 ||     1
Dodge: Dodged            |    70 |    11 ||    81

Table legend:
 A = Spawn XP
 B = Non-spawn XP
 C = Spawn XP percentage of total XP
 D = Spawn monster count
 E = Non-spawn monster count
 F = Spawn count percentage of total count
 G = Total turns spent on level
                    A         B        C        D         E        F      G
               +---------+---------+-------+---------+---------+-------+---------
         Total |       0 |     105 |   0.0 |       0 |      31 |   0.0 |  1822
               +---------+---------+-------+---------+---------+-------+---------
           D:1 |       0 |      48 |   0.0 |       0 |      20 |   0.0 |  1093
           D:2 |       0 |       3 |   0.0 |       0 |       2 |   0.0 |   190
           D:3 |       0 |      45 |   0.0 |       0 |       6 |   0.0 |   406
           D:4 |       0 |       9 |   0.0 |       0 |       3 |   0.0 |   133
               +---------+---------+-------+---------+---------+-------+---------
